 Dungeon Crawl Stone Soup version 0.19-a0-1627-gc26532d (webtiles) character file.

190573 DeloreanTremens the Executioner (level 17, 0/162 HPs)
             Began as a Minotaur Berserker on Sept 18, 2016.
             Was a High Priest of Trog.
             Slain by a merfolk
             ... wielding a +0 glaive
              (5 damage)
             ... on level 3 of the Shoals on Sept 19, 2016.
             The game lasted 03:57:20 (35622 turns).

DeloreanTremens the Executioner (MiBe)             Turns: 35622, Time: 03:57:20

Health: 0/162      AC: 36    Str: 24    XL:     17   Next: 98%
Magic:  5/5        EV:  2    Int:  4    God:    Trog [*****.]
Gold:   1538       SH:  0    Dex: 17    Spells: 0 memorised, 16 levels left

rFire  . . .     SeeInvis .     k - +5 executioner's axe (antimagic)
rCold  . . .     Gourm    .     F - +5 crystal plate armour
rNeg   + + +     Faith    +     (shield currently unavailable)
rPois  ∞         Spirit   .     (helmet restricted)
rElec  .         Dismiss  .     n - +0 cloak
rCorr  .         Reflect  .     x - +1 pair of gloves
MR     ++...     Harm     .     P - +0 pair of boots
Stlth  ..........               S - amulet of faith
                                w - +2 ring of slaying
                                N - +2 ring of slaying

@: petrified, very slightly contaminated, hasted
A: retaliatory headbutt, horns 2, thin skeletal structure 1, magic resistance 1
a: Berserk, Trog's Hand, Brothers in Arms, Burn Spellbooks, Renounce Religion


You were on level 3 of the Shoals.
You worshipped Trog.
Trog was extremely pleased with you.
You were hungry.

You visited 6 branches of the dungeon, and saw 31 of its levels.
You also visited: Ossuary.

You collected 2201 gold pieces.
You spent 663 gold pieces at shops.

Inventory:

Hand Weapons
 e - the +2 executioner's axe "Widowmaker" {chop, rF+}
   (Trog gifted it to you on level 3 of the Snake Pit)

   It inflicts extra damage upon your enemies.
   It protects you from fire.
 k - a +5 antimagic executioner's axe (weapon)
Missiles
 R - 24 poisoned javelins (quivered)
Armour
 n - a +0 cloak (worn)
 x - a +1 pair of gloves (worn)
 F - a +5 crystal plate armour (worn)
 P - a +0 pair of boots (worn)
Jewellery
 d - an uncursed ring of positive energy
 h - the ring of Bibb {Wiz rC+}
   (You found it on level 6 of the Lair of Beasts)

   [ring of wizardry]

   It improves your spell success rate.
   It protects you from cold.
 r - an uncursed ring of protection from fire
 w - a +2 ring of slaying (right hand)
 G - an uncursed ring of flight
 M - a +2 ring of protection
 N - a +2 ring of slaying (left hand)
 S - an amulet of faith (around neck)
 V - an uncursed ring of protection from fire
Wands
 a - a wand of lightning (15/15)
 g - a wand of flame (16/48)
 l - a wand of iceblast (10/15)
 I - a wand of slowing (22/48)
 T - a wand of enslavement (8/24)
 U - a wand of paralysis (9/24)
 W - a wand of flame (22/48)
 X - a wand of enslavement (16/24)
Scrolls
 b - 13 scrolls of remove curse
 p - 2 scrolls of silence
 q - 5 scrolls of magic mapping
 u - 6 scrolls of identify
 y - 5 scrolls of fear
 A - 5 scrolls of blinking
 B - 10 scrolls of teleportation
 O - a scroll of recharging
Potions
 j - 3 potions of flight
 m - 3 potions of curing
 o - 2 potions of haste
 v - 2 potions of cure mutation
 z - 5 potions of agility
 C - 2 potions of brilliance
 D - 3 potions of resistance
 H - 2 potions of magic
 Q - 3 potions of might
 Y - 3 potions of cancellation
 Z - 2 potions of invisibility
Comestibles
 c - 14 bread rations
 f - 6 beef jerkies
 i - 9 meat rations
 s - 2 royal jellies
 t - 3 chunks of flesh
 E - 16 fruits
 L - 10 slices of pizza


   Skills:
 + Level 17.5 Fighting
 + Level 21.5 Axes
 + Level 17.6 Armour
 + Level 15.0 Dodging


You had 16 spell levels left.
You didn't know any spells.

Dungeon Overview and Level Annotations

Branches:
Dungeon (15/15)            Temple (1/1) D:6            Lair (6/6) D:8
 Shoals (3/4) Lair:4        Snake (4/4) Lair:3        Slime (0/5) Lair:6
    Orc (2/2) D:9             Elf (0/3) Orc:2        Vaults (0/5) D:13
 Depths (0/5) D:15

Altars:
Ashenzari
Cheibriados
Dithmenos
Elyvilon
Fedhas
Gozag
Hepliaklqana
Kikubaaqudgha
Makhleb
Nemelex Xobeh
Okawaru
Qazlal
Ru
Sif Muna
Trog
Uskayaw
Vehumet
Xom
Yredelemnul
Zin
The Shining One

Shops:
D:12 *   Orc:2 [[?%   Snake:4 (*

Annotations:
D:15 exclusion: ice statue
Shoals:3 Polyphemus


Innate Abilities, Weirdness & Mutations

You reflexively headbutt those who attack you in melee.
You have a pair of horns on your head.
You have a somewhat thin skeletal structure. (Dex +2, Stealth)
You are resistant to hostile enchantments. (MR+)


Message History

* * * LOW HITPOINT WARNING * * *
The catoblepas breathes a plume of calcifying dust at you.
The blast of calcifying dust hits you!
The blast of calcifying dust hits the tentacle.
The merfolk hits you but does no damage.
You are engulfed in calcifying dust.
The tentacle slaps you but does no damage.
The tentacle slaps you.
* * * LOW HITPOINT WARNING * * *
The tentacle slaps you but does no damage.
The tentacle is engulfed in calcifying dust.
The tentacle is moving more slowly.
The tentacle slaps you but does no damage.
A tentacle segment bursts forth from the water. x2
The catoblepas breathes a plume of calcifying dust at you.
The blast of calcifying dust hits you!
The blast of calcifying dust hits the tentacle.
The tentacle slaps you but does no damage.
The merfolk hits you from afar with a glaive!
You die...

.≈≈≈..≈≈≈≈≈≈≈≈≈≈≈≈≈≈≈≈≈≈≈
≈...≈≈≈≈≈≈≈≈≈≈≈≈≈≈≈≈≈≈≈≈≈≈≈≈≈≈≈
≈≈≈≈≈≈≈≈≈≈≈≈≈≈≈≈≈≈≈≈≈≈≈≈≈≈≈≈≈≈≈
..≈≈≈≈≈≈≈≈≈≈≈≈≈≈≈≈≈≈≈≈≈≈≈≈≈≈≈≈≈
.Y.C≈≈≈≈≈X≈**≈≈≈≈≈§≈≈≈≈≈≈≈(≈(≈≈
...≈≈≈≈≈≈.──│≈≈≈≈≈≈≈≈≈≈≈≈.#(≈≈≈
.[.≈≈≈≈≈...m│*≈≈§≈≈≈≈≈≈≈.##))≈≈
≈≈≈≈≈...# #www≈≈≈≈≈≈≈≈....=≈≈
≈≈≈≈..Y.### #(@w...≈≈≈≈≈>...≈≈≈
≈≈≈≈..Y...###YC≈≈..≈≈≈≈≈≈≈≈≈≈≈≈
≈≈≈≈..PPYC..mm≈≈≈≈≈≈≈≈≈≈≈≈≈≈≈≈≈
≈≈≈P≈≈.P.≈≈..≈≈≈≈≈≈≈≈≈≈≈≈≈≈≈≈≈≈
≈≈≈P≈≈PP≈≈≈≈(≈≈≈≈≈≈≈≈≈≈≈≈≈≈≈≈≈≈
≈≈≈≈P≈≈≈≈≈≈≈≈≈≈≈≈≈≈≈≈≈≈≈≈≈≈≈≈≈≈
≈≈≈≈≈≈≈≈≈≈≈≈≈≈≈≈≈≈≈≈≈≈≈≈≈≈≈≈≈≈≈
≈≈≈≈≈≈≈≈≈≈≈≈≈≈≈≈≈≈≈≈≈≈≈≈≈≈≈≈≈
≈≈≈≈≈≈≈≈≈≈≈≈≈≈≈≈≈≈≈≈≈≈


You could see a kraken, Polyphemus, a catoblepas, 3 merfolk and 4 tentacles.

Vanquished Creatures
  Rupert (D:14)
  Donald (Snake:3)
  A greater naga (Snake:3)
  A frost giant (D:15)
  Snorg (Lair:4)
  2 merfolk javelineers
  Josephine (D:10)
  A minotaur (Shoals:2)
  A hydra (Lair:1)
  2 vault guards (D:13)
  9 naga warriors
  2 death knights
  The ghost of neil the Spear-Bearer, a journeyman MfMo of Fedhas (Lair:1)
  10 anacondas
  A catoblepas (Lair:6)
  2 centaur warriors
  2 merfolk aquamancers
  3 tengu warriors
  6 death yaks
  A satyr (Shoals:2)
  Urug (D:10)
  3 orc high priests (Orc:2)
  5 shock serpents
  13 naga sharpshooters
  4 salamander mystics
  Sonja (D:13)
  2 sea snakes
  An unseen horror (D:11)
  6 naga ritualists
  8 orc knights
  A deep elf archer (D:13)
  5 ugly things (D:15)
  7 harpies (Shoals:1)
  A deep elf mage (D:13)
  4 hill giants
  14 mana vipers
  2 orc sorcerers
  10 manticores
  3 cyclopes
  10 salamanders
  8 fauns (Shoals:2)
  6 elephants
  33 black mambas
  6 sirens
  15 naga magi
  5 gargoyles
  10 spiny frogs
  A yaktaur (D:15)
  A centaur zombie (D:11)
  2 rime drakes (Lair:6)
  2 torpor snails
  A freezing wraith (D:15)
  12 komodo dragons
  A kobold demonologist (D:13)
  3 tengu conjurers
  7 trolls
  8 merfolk
  3 wind drakes
  Prince Ribbit (D:6)
  Grinder (D:6)
  9 meliai
  6 dream sheep
  A raiju (shapeshifter) (D:15)
  A harpy skeleton (D:12)
  The ghost of FrankyJ the Ducker, an amateur HuIE (D:3)
  2 two-headed ogres
  11 hippogriffs
  28 blink frogs
  7 slime creatures
  4 snapping turtles
  7 water elementals
  9 wraiths
  A vampire (D:15)
  A human (D:8)
  2 wyverns
  2 shadows
  28 yaks
  Eustachio (D:5)
  3 basilisks
  A hog (Shoals:2)
  A steam dragon (D:10)
  3 vampire mosquitoes (D:12)
  Edmund (D:5)
  A mottled dragon (D:15)
  34 nagas
  A warg (Orc:2)
  8 swamp worms (Lair:1)
  16 water moccasins
  6 porcupines
  A necrophage (D:11)
  21 orc warriors
  2 wasps
  3 sky beasts
  2 black bears
  A meliai simulacrum (D:15)
  An eye of draining (D:13)
  3 ice beasts
  A phantom (D:7)
  4 wolves
  10 ogres
  11 centaurs
  19 crocodiles
  A big kobold (D:11)
  8 bullfrogs
  5 scorpions
  5 killer bees (D:10)
  6 wights
  2 howler monkeys
  3 electric eels (D:12)
  10 crimson imps
  4 bullfrog zombies
  13 jellies
  14 orc priests
  3 hounds
  A bullfrog skeleton (D:10)
  3 centaur skeletons
  11 iguanas
  A gnoll shaman (D:5)
  Natasha (twice) (D:2)
  Terence (D:2)
  25 orc wizards
  13 worker ants
  A hound zombie (D:2)
  2 hound skeletons (D:4)
  4 mummies
  6 gnolls
  21 adders
  55 river rats
  3 shadow imps
  10 oozes (Lair:5)
  4 adder skeletons
  5 adder zombies
  11 worms
  3 dart slugs
  7 leopard geckos
  78 orcs
  A ball python (D:7)
  8 bats
  12 giant cockroaches
  8 goblins
  12 hobgoblins
  12 jackals
  13 kobolds
  6 quokkas
  A ball python skeleton (D:4)
  7 frilled lizards
  4 goblin zombies (Ossuary)
  3 hobgoblin zombies (Ossuary)
  2 kobold zombies (Ossuary)
  2 leopard gecko skeletons
  A leopard gecko zombie (D:2)
  5 quokka zombies
  9 rats
  2 rat zombies (Ossuary)
  A bush (Lair:6)
  8 fungi
  10 plants
1019 creatures vanquished.

Vanquished Creatures (collateral kills)
  Frances (D:14)
  Kirke (Shoals:2)
  A merfolk javelineer (Shoals:3)
  An anaconda (Snake:2)
  2 hydras
  A catoblepas (Lair:6)
  A satyr (Shoals:2)
  2 naga sharpshooters (Snake:4)
  2 naga ritualists
  A mana viper (Snake:4)
  A faun (Shoals:2)
  A cyclops (D:11)
  2 orc sorcerers (Orc:2)
  A black mamba (Snake:4)
  2 sirens
  4 naga magi
  6 merfolk
  A meliai (D:14)
  A wind drake (Shoals:3)
  A dream sheep (Lair:6)
  A water elemental (Shoals:1)
  2 hogs (Shoals:2)
  2 nagas (Snake:3)
  3 orc warriors (Orc:2)
  2 bullfrogs (D:6)
  Blork the orc (D:6)
  An orc priest (Orc:2)
45 creatures vanquished.

Vanquished Creatures (others)
  An elephant (Shoals:2)
  A water elemental (Shoals:3)
  9 fungi
  9 plants
  4 tentacles (Shoals:3)
24 creatures vanquished.

Grand Total: 1088 creatures vanquished

Notes
Turn   | Place    | Note
-------+----------+-------------------------------------------
     0 | D:1      | DeloreanTremens the Minotaur Berserker began the quest for the Orb.
     0 | D:1      | Reached XP level 1. HP: 19/19 MP: 0/0
     0 | D:1      | Upgraded the game from 0.19-a0-1613-g7c9bbd0 to 0.19-a0-1627-gc26532d
   223 | D:1      | Reached XP level 2. HP: 27/27 MP: 1/1
   273 | D:1      | Reached skill level 4 in Axes
   341 | D:1      | Reached XP level 3. HP: 22/33 MP: 2/2
   522 | D:1      | Reached ** piety under Trog
   870 | D:2      | Reached skill level 5 in Axes
   881 | D:2      | Noticed Terence
   892 | D:2      | Killed Terence
   892 | D:2      | Reached XP level 4. HP: 41/41 MP: 3/3
   931 | D:2      | Noticed Natasha
   941 | D:2      | Killed Natasha
  1307 | D:2      | Reached XP level 5. HP: 46/47 MP: 4/4
  1402 | D:2      | Reached skill level 6 in Axes
  1402 | D:2      | Reached *** piety under Trog
  1661 | D:2      | Noticed Natasha
  1663 | D:2      | Killed Natasha
  1772 | D:3      | Reached skill level 5 in Fighting
  1882 | D:3      | Reached XP level 6. HP: 49/56 MP: 5/5
  1962 | D:3      | Found a shattered altar of Ashenzari.
  2005 | D:3      | Noticed FrankyJ's ghost (amateur HuIE)
  2023 | D:3      | Killed FrankyJ's ghost
  2023 | D:3      | Reached skill level 7 in Axes
  2193 | D:3      | Reached XP level 7. HP: 62/62 MP: 6/6
  2551 | D:4      | Reached **** piety under Trog
  2823 | D:4      | Reached skill level 5 in Armour
  3043 | D:4      | Found a stormy altar of Qazlal.
  3181 | D:5      | Entered Level 5 of the Dungeon
  3199 | D:5      | Reached skill level 8 in Axes
  3416 | D:5      | Noticed Eustachio
  3470 | D:5      | Killed Eustachio
  3470 | D:5      | Reached XP level 8. HP: 39/71 MP: 7/7
  3731 | D:5      | Noticed Edmund
  3736 | D:5      | Killed Edmund
  3736 | D:5      | Reached skill level 9 in Axes
  4267 | D:6      | Noticed Grinder
  4273 | D:6      | Reached skill level 10 in Axes
  4285 | D:6      | Killed Grinder
  4302 | D:6      | Found a staircase to the Ecumenical Temple.
  4302 | D:6      | Noticed Blork the orc
  4307 | D:6      | Killed Blork the orc
  4334 | Temple   | Entered the Ecumenical Temple
  4570 | D:6      | Reached XP level 9. HP: 75/81 MP: 8/8
  4637 | D:6      | Noticed Prince Ribbit
  4664 | D:6      | Killed Prince Ribbit
  4953 | D:7      | Received a gift from Trog
  5001 | D:7      | Reached skill level 11 in Axes
  5487 | D:7      | Reached ***** piety under Trog
  6055 | D:8      | Found a glowing silver altar of Zin.
  6055 | D:8      | Found an ancient bone altar of Kikubaaqudgha.
  6056 | D:8      | Found a basalt altar of Yredelemnul.
  6106 | D:8      | Found a sand-covered staircase.
  6121 | Ossuary  | Entered an ossuary
  6661 | D:8      | Identified a scroll of acquirement
  6762 | D:8      | Found a staircase to the Lair.
  6769 | Lair:1   | Entered Level 1 of the Lair of Beasts
  6951 | D:8      | Reached skill level 12 in Axes
  7441 | D:9      | Noticed a troll
  7452 | D:9      | Killed a troll
  7452 | D:9      | Reached XP level 10. HP: 91/91 MP: 9/9
  7512 | D:9      | Found a staircase to the Orcish Mines.
  7526 | Orc:1    | Entered Level 1 of the Orcish Mines
  7543 | D:9      | Found a hide-covered altar of Uskayaw.
  7631 | D:9      | Noticed a hill giant
  7638 | D:9      | Received a gift from Trog
  7645 | D:9      | Killed a hill giant
  8079 | D:9      | You fall through a shaft!
  8079 | D:10     | Entered Level 10 of the Dungeon
  8079 | D:10     | Noticed Urug
  8089 | D:10     | Killed Urug
  8245 | D:10     | Noticed Josephine
  8245 | D:10     | Reached skill level 10 in Fighting
  8251 | D:10     | Killed Josephine
  8251 | D:10     | Reached skill level 13 in Axes
  8251 | D:10     | Reached skill level 5 in Dodging
  8253 | D:10     | Reached skill level 10 in Armour
  8915 | D:10     | Reached XP level 11. HP: 93/101 MP: 10/10
  9839 | Lair:1   | Noticed a six-headed hydra
  9860 | Lair:1   | Killed a six-headed hydra
  9860 | Lair:1   | Received a gift from Trog
  9909 | Lair:1   | Noticed neil's ghost (journeyman MfMo)
  9929 | Lair:1   | Killed neil's ghost
 10461 | Lair:1   | Received a gift from Trog
 10867 | Lair:1   | Reached skill level 14 in Axes
 12142 | Lair:1   | Reached XP level 12. HP: 85/111 MP: 11/11
 12473 | Lair:2   | Received a gift from Trog
 12730 | Lair:2   | Reached skill level 15 in Axes
 13424 | Lair:3   | Found a staircase to the Snake Pit.
 14282 | Lair:4   | Received a gift from Trog
 14386 | Lair:4   | Noticed Snorg
 14403 | Lair:4   | Killed Snorg
 14876 | Lair:4   | Found a staircase to the Shoals.
 14961 | Lair:4   | Reached skill level 16 in Axes
 15344 | Lair:5   | Reached XP level 13. HP: 105/119 MP: 4/12
 16249 | Lair:5   | Reached ****** piety under Trog
 16402 | Lair:5   | Reached skill level 10 in Dodging
 16608 | Lair:6   | Entered Level 6 of the Lair of Beasts
 16795 | Lair:6   | Found a staircase to the Slime Pits.
 17100 | Lair:6   | Got a coiled bronze ring
 17104 | Lair:6   | Identified the ring of Bibb {Wiz rC+} (You found it on level 6 of the Lair of Beasts)
 17191 | Lair:6   | Received a gift from Trog
 17629 | Lair:6   | Reached skill level 17 in Axes
 18861 | Orc:2    | Entered Level 2 of the Orcish Mines
 18964 | Orc:2    | Received a gift from Trog
 19066 | Orc:2    | Reached XP level 14. HP: 105/130 MP: 4/13
 19220 | Orc:2    | Found Mabityil's Armour Shop.
 19220 | Orc:2    | Found Pipehi's Food Shoppe.
 19377 | Orc:2    | Found Hianaddi's Antique Armour Shop.
 19377 | Orc:2    | Found Ofral's Magic Scroll Shoppe.
 19391 | Orc:2    | Bought a scroll of enchant armour for 112 gold pieces
 19391 | Orc:2    | Bought a scroll of blinking for 112 gold pieces
 19391 | Orc:2    | Bought a scroll of blinking for 112 gold pieces
 19488 | Orc:2    | Received a gift from Trog
 19727 | Orc:2    | Found a staircase to the Elven Halls.
 20534 | D:11     | Reached skill level 18 in Axes
 20852 | D:11     | Found a white marble altar of Elyvilon.
 21238 | D:12     | Found Amifracw's Assorted Antiques.
 21266 | D:12     | Bought a scroll of blinking for 195 gold pieces
 22375 | D:13     | Received a gift from Trog
 22841 | D:13     | Noticed Sonja
 22843 | D:13     | Killed Sonja
 23111 | D:13     | Found a gate to the Vaults.
 23245 | D:14     | Reached skill level 19 in Axes
 23245 | D:14     | Reached XP level 15. HP: 139/139 MP: 4/14
 23519 | D:14     | Noticed Frances
 23540 | D:14     | Killed Frances
 23540 | D:14     | Reached skill level 15 in Fighting
 23865 | D:14     | Reached skill level 15 in Armour
 24215 | D:14     | Noticed Rupert
 24225 | D:14     | Killed Rupert
 24335 | D:15     | Entered Level 15 of the Dungeon
 24532 | D:15     | Reached XP level 16. HP: 131/149 MP: 5/15
 24648 | D:15     | Found a staircase to the Depths.
 25365 | D:9      | Received a gift from Trog
 25479 | Snake:1  | Entered Level 1 of the Snake Pit
 26228 | Snake:1  | Reached skill level 20 in Axes
 27162 | Snake:1  | Received a gift from Trog
 27167 | Snake:1  | Got a scorched executioner's axe {god gift}
 27171 | Snake:1  | Identified the +8 executioner's axe of the Doomed Warrior {venom, rC+} (Trog gifted it to you on level 1 of the Snake Pit)
 29601 | Snake:3  | Noticed Donald
 29612 | Snake:3  | Killed Donald
 29838 | Snake:3  | Reached XP level 17. HP: 124/158 MP: 12/16
 31001 | Snake:3  | Received a gift from Trog
 31038 | Snake:3  | Reached skill level 21 in Axes
 31314 | Snake:3  | Got a slimy executioner's axe {god gift}
 31316 | Snake:3  | Identified the +2 executioner's axe "Widowmaker" {chop, rF+} (Trog gifted it to you on level 3 of the Snake Pit)
 31379 | Snake:4  | Entered Level 4 of the Snake Pit
 31379 | Snake:4  | Found Iqykyge's Assorted Antiques.
 31403 | Snake:4  | Found a glowing golden altar of the Shining One.
 31413 | Snake:4  | Bought a potion of curing for 132 gold pieces
 31598 | Snake:4  | Found Ykeysirph's Antique Weapon Shop.
 33190 | Shoals:1 | Entered Level 1 of the Shoals
 33223 | Shoals:1 | Received a gift from Trog
 33973 | Shoals:1 | Received a gift from Trog
 34309 | Shoals:1 | Gained mutation: You are resistant to hostile enchantments. (MR+) [potion of beneficial mutation]
 34310 | Shoals:1 | Gained mutation: You have a somewhat thin skeletal structure. (Dex +2, Stealth) [potion of beneficial mutation]
 34697 | Shoals:2 | Noticed Kirke
 34717 | Shoals:2 | Killed Kirke
 34922 | Shoals:2 | Received a gift from Trog
 35107 | Shoals:2 | Found a hide-covered altar of Uskayaw.
 35536 | Shoals:3 | Noticed a kraken
 35577 | Shoals:3 | Noticed Polyphemus
 35611 | Shoals:3 | Reached skill level 15 in Dodging
 35620 | Shoals:3 | HP: 8/162 [tentacle[a kraken] (6)]
 35622 | Shoals:3 | Slain by a merfolk

Vault maps used:
D:1:      dpeg_arrival_erosion
D:2:      kb_forest_paths, first_bread, serial_undead, serial_undead_a,
          serial_undead_a, serial_undead_c, serial_undead_c, serial_undead_f,
          serial_undead_f, minmay_close_crescents, uniq_natasha, uniq_terence
D:3:      nicolae_ashenzari_panopticon
D:4:      grunt_qazlal_sundering
D:5:      uniq_eustachio, uniq_edmund
D:6:      uniq_blork_the_orc, uniq_grinder, uniq_prince_ribbit1
D:8:      gammafunk_temple_overflow_claw, lair_0_dummy,
          gup_ossuary_entry_pyramid, grunt_pizzeria
D:9:      overflow_temple_1_default, orc_0_dummy, st_stairs_13
D:10:     uniq_urug, uniq_josephine
D:11:     elyvilon_altar_1
D:12:     serial_shops, shop
D:13:     grunt_vaults_entry_fortified, uniq_sonja
D:14:     hex_large, uniq_rupert, uniq_frances
D:15:     grunt_enter_depths_snipers, serial_park_tiny_pond,
          minmay_statue_bubble
Temple:   regret_index_temple_waves
Lair:1:   beast_lair_carwin_large_2, worms_lemuel
Lair:2:   bh_autumn_forest_stairs
Lair:3:   minmay_snake_entry_guardpost_medium
Lair:4:   elwin_shoals_entry_rocks, grunt_megastairs_2, uniq_snorg
Lair:5:   lemuel_slime, infiniplex_staircase_pool, grunt_megastairs_5
Lair:6:   hangedman_lair_in_review, minmay_slime_entry_pillars,
          lemuel_fruit_fields
Shoals:2: regret_index_shoals_crete, uniq_kirke
Shoals:3: uniq_polyphemus
Snake:1:  lemuel_fruit_tree, grunt_megastairs_1
Snake:2:  grunt_ministairs_2, serial_bayou_shore_b
Snake:3:  uniq_donald
Snake:4:  snake_pit, serial_shops, shop, shop, nicolae_shop_trees,
          nicolae_shop_statue_plus, portal_ice_cave_entry_dragon,
          grunt_ministairs_1, st_stairs_8, hangedman_feature_mirror,
          guppyfry_snake_island
Orc:1:    serial_shops, shop_fountains, shop, nicolae_shop_crystal, shop, shop
Orc:2:    grunt_orc_tribal_feast
Ossuary:  ossuary_minmay_chase

Skill      XL: |  1  2  3  4  5  6  7  8  9 10 11 12 13 14 15 16 17 |
---------------+----------------------------------------------------+-----
Fighting       | 4 5 6 7 9 10 11 12 13 14 15 16 17 | 17.5
Axes           | 4 5 6 7 8 10 12 13 14 16 17 19 20 21 | 21.5
Armour         | 3 4 5 7 9 10 11 12 13 14 15 16 17 | 17.6
Dodging        | 6 8 9 10 12 13 15 | 15.0

Action                   |  1- 3 |  4- 6 |  7- 9 | 10-12 | 13-15 | 16-18 || total
-------------------------+-------+-------+-------+-------+-------+-------++-------
Melee: Hand axe          |    96 |   153 |   344 |       |       |       ||   593
       Headbutt          |    16 |    32 |    99 |   180 |   132 |   200 ||   659
       War axe           |       |       |   101 |   611 |       |       ||   712
       Battleaxe         |       |       |       |    25 |   177 |       ||   202
       Executioner's axe |       |       |       |       |   482 |   748 ||  1230
Throw: Javelin           |       |       |     2 |       |       |       ||     2
Invok: Berserk           |     1 |     1 |     4 |     5 |     9 |     4 ||    24
       Burn Spellbooks   |       |     1 |       |     1 |     4 |     1 ||     7
       Trog's Hand       |       |       |     1 |       |       |     1 ||     2
       Brothers in Arms  |       |       |     1 |     1 |     5 |     9 ||    16
Evoke: Wand              |       |       |       |       |     4 |       ||     4
  Use: Scroll            |       |       |    15 |     8 |    11 |    12 ||    46
       Potion            |       |       |     9 |     2 |     3 |    13 ||    27
 Stab: Petrified         |       |       |       |       |     1 |     4 ||     5
       Distracted        |       |       |       |       |     1 |     2 ||     3
  Eat: Chunk             |       |     6 |    26 |    26 |    37 |    12 ||   107
       Pizza             |       |       |       |     1 |       |       ||     1
       Fruit             |       |       |       |       |     1 |     3 ||     4
       Beef jerky        |       |       |       |       |     1 |       ||     1
       Bread ration      |       |       |       |       |     1 |     6 ||     7
Armor: Plate armour      |    63 |    90 |   248 |   251 |       |       ||   652
       Crystal plate arm |       |       |       |    77 |   487 |   688 ||  1252
Dodge: Dodged            |    24 |    62 |   120 |   268 |   252 |   473 ||  1199
